cohdb
Replays
Latest Replays
All Replays
Popular Replays
Top Player Replays
Match Explorer
How It Works
Community
CoH3 Stats
Reddit
Sign in to upload your games and track your stats! →
Sign in with Steam
Match 41213567
Unlisted
Match 41213567
Overview
Messages
Build Orders
End
Construct Section Command Post
Vickers Machine Gun Team
Dingo Light Scout Car
Infantry Section
Grenade Package
Selects Canadian Shock Battlegroup
Selects Attacking Spirit
Selects Canadian Shock Section
Canadian Shock Section
Construct Platoon Command Post
Selects Incendiary Munitions
Unlock M3 Stuart Light Tanks
M3 Stuart Light Tank
Canadian Shock Section
6-pounder Anti-tank Gun Team
Selects Pyrotechnics
Construct Company Command Post
Infantry Training
Crusader II Medium Tank
Daniel
SpoSadiK
Fitzgerald93
Henkka12345
Thrusher
La8Pv
0
0
Comments
sign in to comment!
No comments posted yet!